 Dungeon Crawl Stone Soup version 0.29-a0-911-g88e6f02907 (webtiles) character file.

Game seed: 7134490969405466194

56 zeratav the Stinger (level 3, 0/21 HPs)
             Began as an Octopode Venom Mage on July 26, 2022.
             Slain by an orc
             ... wielding a +0 dagger
              (3 damage)
             ... on level 2 of the Dungeon.
             The game lasted 00:02:57 (2396 turns).

zeratav the Stinger (Octopode Venom Mage)           Turns: 2396, Time: 00:02:57

Health: 0/21       AC:  1    Str:  7    XL:     3   Next: 97%
Magic:  2/6        EV: 13    Int: 19    God:
Gold:   121        SH:  0    Dex: 12    Spells: 3/6 levels left

rFire   . . .      SeeInvis .   m - +0 dagger {short}
rCold   . . .      Faith    .   (no shield)
rNeg    . . .      Spirit   .   (helmet restricted)
rPois   .          Reflect  .   (no amulet)
rElec   .          Harm     .   (no ring)
rCorr   .          Rampage  .   (no ring)
Will    .....                   (no ring)
Stlth   ++++......              (no ring)
HPRegen 0.07/turn               (no ring)
MPRegen 0.10/turn               (no ring)
                                (no ring)
                                (no ring)

@: no status effects
A: almost no armour, amphibious, 8 rings, camouflage 1, gelatinous body 1,
(nimble swimmer 1), tentacles
a: no special abilities


You were on level 2 of the Dungeon.
You visited 1 branch of the dungeon, and saw 3 of its levels.

You collected 121 gold pieces.


Innate Abilities, Weirdness & Mutations

You cannot wear most types of armour.
You are amphibious.
You can wear up to eight rings at the same time.
Your skin changes colour to match your surroundings (Stealth+).
Your rubbery body absorbs attacks. (AC +1, EV +1)
((You are camouflaged when in or above water. (Stealth+)))
You have tentacles for arms and can constrict up to eight enemies at once.


   Skills:
 - Level 2.0 Dodging
 + Level 4.5 Stealth
 - Level 2.0 Spellcasting
 - Level 1.0 Transmutations
 + Level 4.8 Poison Magic


You had 3 spell levels left.
You knew the following spells:

 Your Spells              Type           Power      Damage    Failure   Level
a - Sting                 Tmut/Pois      48%        1d5       5%          1
b - Poisonous Vapours     Pois/Air       22%        N/A       10%         2

Your spell library contained the following spells:

 Spells                   Type           Power      Damage    Failure   Level
 Mephitic Cloud           Conj/Pois/Air  7%         N/A       26%         3
 Olgreb's Toxic Radiance  Pois           20%        N/A       24%         4

Inventory:

Hand Weapons
 m - a +0 dagger (weapon) {short}
   (You took it off a kobold on level 2 of the Dungeon)
Scrolls
 b - 3 scrolls of blinking {unknown}
 c - a scroll of enchant weapon {unknown}
 d - 2 scrolls of acquirement {unknown}
 g - 3 scrolls of identify {unknown}
 h - a scroll of immolation {unknown}
 l - a scroll of teleportation {unknown}
 n - 2 scrolls of noise {unknown}
 p - 2 scrolls of butterflies {unknown}
Potions
 a - a potion of magic
 e - a potion of heal wounds {unknown}
 f - a potion of curing {unknown}
 i - a potion of flight {unknown}
 j - a potion of haste {unknown}
 k - a potion of resistance {unknown}
 o - a potion of attraction {unknown}

Dungeon Overview and Level Annotations

Branches:
Dungeon (3/15) Zot: 15591

Altars:

Shops:
D:2 [

Annotations:
D:2 Ijyb

#.....# #.##### #.....#
#.....# #.....# #####.#
#.....######## #.#
#............# #.#
#............####.#
#..................
##go.........####.#
#@o............... #########
################.# #.......#
#############.#
##.####.#######..............
#.# #.#.........#########.#
#.# #.#.........'...# #.. #.#
#.#.........###.# ### #.#
#.#.....(...# #.# #.#
#.#######.#.###.#######


You could see Ijyb (very poisoned) and 2 orcs.


Message History

You take 2 damage, and now have 19/21 hp.
You hit the kobold.
You kill the kobold!
No target in view!
No target in view!
No target in view!
No target in view!
No target in view!
No target in view!
No target in view!
No target in view!
No target in view!
No target in view!
No target in view!
You now have 121 gold pieces (gained 8).
You open the door.
There is an open door here.
A kobold comes into view. It is wielding a +0 dagger.
HP[+2]
Your hp is fully restored (21).
A kobold is nearby!
A kobold is nearby!
A kobold is nearby!
The helpless kobold fails to defend itself.
You puncture the kobold!
You kill the kobold!
No target in view!
No target in view!
No target in view!
No target in view!
No target in view!
No target in view!
No target in view!
No target in view!
No target in view!
No target in view!
You see here 6 stones {throwing}.
Done exploring.
Done exploring.
Done exploring.
Done exploring.
No target in view!
(D) Dungeon
Where to? (Enter - D:2, ? - help)
There is a stone staircase leading down here.
You climb downwards.
The orc shouts!
You hear a shout!
There is a stone staircase leading up here.
There are monsters nearby!
Ijyb shouts!
You climb upwards.
There is a stone staircase leading down here.
Memorise Poisonous Vapours, consuming 2 spell levels and leaving 3?
You start memorising the spell.
You continue memorising. x2
You finish memorising.
Spell assigned to 'b'.
You climb downwards.
Level annotation: Ijyb The orc shouts!
The orc misses you. Ijyb hits you with a +0 club.
There is a stone staircase leading up here.
HP[-3]
You take 3 damage, and now have 18/21 hp.
Casting: Sting (safe; 5% risk of failure)
Confirm with . or Enter, or press ? or * to list all spells.
Aiming: Poisonous Vapours (safe; 10% risk of failure)
Press: ? - help, Dir - move target, f - Ijyb
Aim: Ijyb, wielding a +0 club, wearing a +0 ring mail and carrying a wand of digging (9) Poisonous vapours surround Ijyb!
Ijyb is poisoned.
The orc shouts!
The orc barely misses you. Ijyb closely misses you.
MP[-2]
You lost 2 mp, and now have 4/6 mp.
You hit Ijyb but do no damage. Your grab misses Ijyb.
You squeeze Ijyb, but do no damage. The orc hits you with a +0 club.
Ijyb closely misses you.
HP[-1]
You take 1 damage, and now have 17/21 hp.
Casting: Poisonous Vapours (safe; 10% risk of failure)
Confirm with . or Enter, or press ? or * to list all spells.
Aiming: Poisonous Vapours (safe; 10% risk of failure)
Press: ? - help, Dir - move target, f/p - Ijyb
Aim: Ijyb, wielding a +0 club, wearing a +0 ring mail and carrying a wand of digging (9) (lightly wounded, poisoned) Poisonous vapours surround Ijyb!
Ijyb looks even sicker.
The orc hits you with a +0 club. The orc misses you. Ijyb misses you.
HP[-5] MP[-2]
You take 5 damage, and now have 12/21 hp.
MASSIVE DAMAGE!! (PAUSE)
You lost 2 mp, and now have 2/6 mp.
The orc completely misses you. The orc hits you with a +0 dagger.
* * * LOW HITPOINT WARNING * * *
Ijyb hits you with a +0 club.
* * * LOW HITPOINT WARNING * * *
You climb upwards.
There is a stone staircase leading down here.
HP[-9]
You take 9 damage, and now have 3/21 hp.
MASSIVE DAMAGE!! (PAUSE)
You closely miss Ijyb. Your grab misses Ijyb. Your squeeze misses Ijyb.
Ijyb closely misses you. The orc hits you with a +0 dagger.
You die...

Skill      XL: |  1  2  3 |
---------------+----------+-----
Stealth        | 3 4 |  4.5
Poison Magic   | 4 |  4.8
Dodging        | |  2.0
Spellcasting   | |  2.0
Transmutations | |  1.0

Action                   || total
-------------------------++-------
Melee: Club              ||    39
       Constrict         ||    18
       Unarmed           ||     2
       Tentacles         ||    14
       Dagger            ||    20
 Cast: Sting             ||    20
       Poisonous Vapours ||     2
 Stab: Sleeping          ||    17
Armor: Skin              ||     2
Dodge: Dodged            ||    39

Levels and vault maps discovered:
D:1:      minmay_arrival_solitary_statue, layout_loops_ring,
          shapermc_ecumenical_altar_acropolis
D:2:      layout_basic, serial_shops, shop, grunt_ministairs_15,
          minmay_box_of_dots
D:3:      layout_rooms, fedhas_altar_2, nzn_wu_jian_council_hall,
          mainiacjoe_overflow_alcove_2, uniq_grinder, uniq_ijyb

Notes
Turn   | Place    | Note
-------+----------+-------------------------------------------
     0 | D:1      | zeratav the Octopode Venom Mage began the quest for the
                  | Orb.
     0 | D:1      | Reached XP level 1. HP: 11/11 MP: 3/3
     0 | D:1      | magus.rc [v1.9.6]
   206 | D:1      | Reached skill level 3 in Stealth
   260 | D:1      | Found a faded altar of an unknown god.
   427 | D:1      | Reached skill level 4 in Poison Magic
   427 | D:1      | Reached XP level 2. HP: 17/17 MP: 5/5
   985 | D:2      | Reached XP level 3. HP: 16/21 MP: 6/6
  1180 | D:2      | Reached skill level 4 in Stealth
  1414 | D:2      | Found Vom Wafo's Armour Boutique.
  1513 | D:2      | HP: 2/21 [worm (6)]
  2383 | D:3      | Noticed Ijyb
  2389 | D:2      | Learned a level 2 spell: Poisonous Vapours
  2394 | D:3      | HP: 3/21 [Ijyb/+0 club (6)]
  2396 | D:2      | Slain by an orc

Vanquished Creatures
  An adder (D:2)
  A worm (D:2)
  2 dart slugs (D:2)
  4 bats
  4 endoplasms
  A giant cockroach (D:2)
  5 goblins
  4 hobgoblins
  6 kobolds
  2 quokkas (D:2)
  2 ball pythons (D:2)
  5 frilled lizards
  A rat (D:2)
38 creatures vanquished.

Table legend:
 A = Non-vault XP
 B = Vault XP
 C = Vault XP percentage of total XP
 D = Non-vault monster count
 E = Vault monster count
 F = Vault count percentage of total count
                 A         B        C        D         E       F
            +---------+---------+-------+---------+---------+-------
      Total |      72 |       9 |  11.1 |      33 |       5 |  13.2
            +---------+---------+-------+---------+---------+-------
        D:1 |      21 |       0 |   0.0 |      12 |       0 |   0.0
        D:2 |      51 |       9 |  15.0 |      21 |       5 |  19.2
            +---------+---------+-------+---------+---------+-------

Illustrated notes

Table legend:
 A = Kills in this place as a percentage of kills in entire the game.
 B = Kills by you in this place as a percentage of kills by you in the entire game.
 C = Kills by friends in this place as a percentage of kills by friends in the entire game.
 D = Other kills in this place as a percentage of other kills in the entire game.
 E = Experience gained in this place as a percentage of experience gained in the entire game.
 F = Experience gained in this place divided by the number of levels of this place that you have seen.
                   A       B       C       D       E      F
               +-------+-------+-------+-------+-------+----------------------
         Total | 100.0 | 100.0 |   N/A |   N/A | 100.0 |  27.0
       Dungeon | 100.0 | 100.0 |   N/A |   N/A | 100.0 |  27.0
               +-------+-------+-------+-------+-------+----------------------

Table legend: (Time is in decaauts)
 A = Elapsed time spent in this place.
 B = Non-inter-level travel time spent in this place.
 C = Inter-level travel time spent in this place.
 D = Time resting spent in this place.
 E = Time spent auto-exploring this place.
 F = Levels seen in this place.
 G = Mean time per level.
                   A        B        C        D        E       F      G
               +--------+--------+--------+--------+--------+-----+--------+
         Total |   2407 |   2344 |     63 |    177 |   1804 |   3 |  802.3 |
       Dungeon |   2407 |   2344 |     63 |    177 |   1804 |   3 |  802.3 |
               +--------+--------+--------+--------+--------+-----+--------+

Top non-repeatable levels by time:
     D:2: 1514 daAuts
     D:1: 886 daAuts
     D:3: 7 daAuts
